 Dungeon Crawl Stone Soup version 0.29-a0-187-ga23d9638d5 (webtiles) character file.

Game seed: 8462693762617771810

2377 siradein the Ruffian (level 9, -8/79 HPs)
             Began as a Troll Fighter on Feb 21, 2022.
             Was a Follower of Hepliaklqana.
             Mangled by Maggie (11 damage)
             ... on level 7 of the Dungeon.
             The game lasted 00:14:35 (5303 turns).

siradein the Ruffian (Troll Fighter)                Turns: 5303, Time: 00:14:36

Health: -8/79      AC:  0    Str: 26    XL:     9   Next: 21%
Magic:  8/8        EV: 10    Int:  4    God:    Hepliaklqana [*.....]
Gold:   358        SH:  9    Dex: 13    Spells: 8/8 levels left

rFire   . . .      SeeInvis +     - Unarmed
rCold   . . .      Faith    .   b - +0 kite shield
rNeg    . . .      Spirit   .   a - +0 robe
rPois   .          Reflect  .   (helmet restricted)
rElec   .          Harm     .   F - scarf {repulsion}
rCorr   .          Rampage  .   (gloves unavailable)
Will    .....                   (boots unavailable)
Stlth   +.........              (no amulet)
HPRegen 1.03/turn               p - ring of see invisible
MPRegen 0.11/turn               (no ring)

@: mighty, corroded, mesmerised, repel missiles
A: reduced essence, large, unfitting armour, claws 3, regeneration 1, shaggy fur
1, tough skin 1
a: Renounce Religion, Recall Ancestor, Ancestor Identity


You were on level 7 of the Dungeon.
You worshipped Hepliaklqana.
Hepliaklqana was aware of your devotion.
You visited 1 branch of the dungeon, and saw 7 of its levels.

You collected 358 gold pieces.

Inventory:

Hand Weapons
 G - a +0 hunting sling
Missiles
 j - 12 poisoned darts (quivered)
 k - 4 boomerangs of dispersal
 q - 270 stones
 A - a boomerang
 B - a silver boomerang
 C - a throwing net
Armour
 a - a +0 robe (worn)
 b - a +0 kite shield (worn)
 F - a scarf of repulsion (worn)
Jewellery
 p - a ring of see invisible (left claw)
Wands
 l - a wand of flame (12)
 w - a wand of charming (9)
Scrolls
 d - 4 scrolls of enchant weapon {unknown}
 e - 5 scrolls of identify {unknown}
 g - 2 scrolls of vulnerability {unknown}
 h - 2 scrolls of teleportation {unknown}
 r - a scroll of amnesia {unknown}
 s - a scroll of enchant armour {unknown}
 t - a scroll of blinking {unknown}
 u - a scroll of silence {unknown}
 x - a scroll of noise {unknown}
 y - a scroll of fear {unknown}
 E - a scroll of magic mapping {unknown}
 I - a scroll of acquirement {unknown}
 J - a scroll of immolation {unknown}
Potions
 c - 2 potions of might
 f - a potion of magic {unknown}
 i - a potion of haste {unknown}
 m - 2 potions of attraction {unknown}
 n - 2 potions of brilliance {unknown}
 o - 3 potions of lignification {unknown}
 v - a potion of curing {unknown}
 z - a potion of resistance {unknown}
 D - a potion of ambrosia {unknown}
 H - a potion of degeneration {unknown}


   Skills:
 + Level 5.2 Fighting
 + Level 4.7 Throwing
 + Level 5.2 Dodging
 + Level 5.2 Shields
 + Level 5.8 Unarmed Combat


You had 8 spell levels left.
You didn't know any spells.
Your spell library contained the following spells:

 Spells                   Type           Power      Damage    Failure   Level
 Magic Dart               Conj           0%         1d3       77%         1
 Slow                     Hex            0%         N/A       77%         1
 Searing Ray              Conj           0%         2d4       88%         2
 Confusing Touch          Hex            0%         N/A       98%         3
 Vampiric Draining        Necr           0%         2d6       98%         3
 Fulminant Prism          Conj/Hex       0%         3d6       100%        4


Dungeon Overview and Level Annotations

Branches:
Dungeon (7/15)             Temple (0/1) D:5

Altars:
Cheibriados
Elyvilon
Hepliaklqana
Makhleb
Ru
Sif Muna
Wu Jian
Yredelemnul
Zin

Shops:
D:5 (   D:6 *

Annotations:
D:7 Maggie


Innate Abilities, Weirdness & Mutations

Your life essence is reduced to manifest your ancestor. (-10% HP)
You are too large for most types of armour.
You have claws for hands.
Your natural rate of healing is unusually fast.
You are covered in fur. (AC +1)
You have tough skin. (AC +1)


Message History

Maggie is nearby!
Maggie is nearby!
Maggie zaps a wand.
The bolt of acid hits you!! The acid corrodes you! You block Maggie's attack.
Nomusa hits Maggie.
You closely miss Maggie.
Maggie is lightly wounded.
Maggie casts a spell.
Maggie attempts to bespell you!
You are mesmerised by Maggie!
Nomusa hits Maggie but does no damage.
You claw Maggie!
Maggie is lightly wounded.
Maggie mumbles some strange words.
Maggie draws you further into her thrall.
Nomusa hits Maggie but does no damage.
You closely miss Maggie.
Maggie is lightly wounded.
You block Maggie's attack.
Nomusa barely misses Maggie.
You claw Maggie!
Maggie is moderately wounded.
Maggie hits you with a +2 long sword of flaming!
Maggie burns you!
Nomusa barely misses Maggie.
You are too injured to fight recklessly!
You are too injured to fight recklessly!
You are too injured to fight recklessly!
You are too injured to fight recklessly!
Unknown command.
You barely miss Maggie.
Maggie is moderately wounded.
Maggie zaps a wand.
The bolt of acid hits you!!
* * * LOW HITPOINT WARNING * * *
Nomusa barely misses Maggie.
Unknown command.
You cannot move away from Maggie!
You feel very mighty all of a sudden. You block Maggie's attack.
Nomusa hits Maggie.
You closely miss Maggie.
Maggie is heavily wounded.
Maggie hits you with a +2 long sword of flaming!
You die...

# ####### #.......#
###.#.#.#.# #.. #
.......#.## ... .
##.#...... ..# #.
#.#...##.# #.# ..
#=##.#..##.# #.##..
#...@R.....#####.#...
##.#@###.#.....#.....
#.#.# #.#.....#..###
# #.. #.#.......#R).
##. #.#.....###)≈≈
....#.....# #≈).
.########## #≈.≈ .#
#≈.≈ #≈.≈


You could see the friendly Nomusa the ancestor and Maggie (mesmerising, ally
target).

Vanquished Creatures
  Grinder (D:4)
  Sigmund (D:4)
  2 water moccasins
  3 orc warriors (D:7)
  2 black bears
  An ogre (D:4)
  2 necrophages (D:6)
  A centaur (D:6)
  A kobold brigand (D:6)
  A bullfrog (D:6)
  3 scorpions
  A jelly (D:6)
  2 water moccasin skeletons
  A bullfrog zombie (D:5)
  2 hounds
  3 orc priests
  2 iguanas (D:5)
  A scorpion zombie (D:5)
  3 orc wizards (D:7)
  A hound skeleton (D:5)
  A howler monkey zombie (D:4)
  5 adders
  A white imp (D:7)
  3 ufetubi
  3 adder skeletons (D:4)
  3 worms
  A dart slug (D:4)
  21 orcs
  8 ball pythons
  4 endoplasms
  6 giant cockroaches
  6 goblins
  5 hobgoblins
  3 quokkas
  3 training dummies (D:5)
  7 bats
  A frilled lizard (D:1)
  6 kobolds
  3 rats (D:2)
  A spectral orc (D:5)
125 creatures vanquished.

Vanquished Creatures (collateral kills)
  An orc wizard (D:7)
1 creature vanquished.

Vanquished Creatures (others)
  An ancestor (D:7)
1 creature vanquished.

Grand Total: 127 creatures vanquished

Notes
Turn   | Place    | Note
-------+----------+-------------------------------------------
     0 | D:1      | siradein the Troll Fighter began the quest for the Orb.
     0 | D:1      | Reached XP level 1. HP: 22/22 MP: 0/0
    32 | D:1      | You fall into a shaft and drop 1 floor!
   112 | D:2      | Reached XP level 2. HP: 29/29 MP: 1/1
   479 | D:2      | Found a faded altar of an unknown god.
   907 | D:1      | Reached XP level 3. HP: 36/36 MP: 2/2
  1456 | D:3      | Found a burning altar of Makhleb.
  1714 | D:3      | Reached skill level 1 in Throwing
  1714 | D:3      | Reached XP level 4. HP: 43/44 MP: 3/3
  2261 | D:3      | Found a burning altar of Makhleb.
  2563 | D:4      | Reached XP level 5. HP: 53/53 MP: 4/4
  2712 | D:4      | Reached XP level 6. HP: 56/61 MP: 5/5
  2802 | D:4      | Noticed Grinder
  2805 | D:4      | Noticed Sigmund
  2882 | D:4      | Killed Sigmund
  2962 | D:4      | Killed Grinder
  2963 | D:4      | Reached XP level 7. HP: 68/68 MP: 6/6
  2974 | D:4      | Found a sacrificial altar of Ru.
  3301 | D:5      | Entered Level 5 of the Dungeon
  3348 | D:5      | Found Ogirytub's Firing Range.
  3463 | D:5      | Found a hazy altar of Hepliaklqana.
  3479 | D:5      | Became a worshipper of Hepliaklqana the Forgotten
  3510 | D:5      | Found a white marble altar of Elyvilon.
  3513 | D:5      | Found a glowing silver altar of Zin.
  3514 | D:5      | Found a snail-covered altar of Cheibriados.
  3515 | D:5      | Found a shimmering blue altar of Sif Muna.
  3891 | D:5      | Reached XP level 8. HP: 78/78 MP: 7/7
  3918 | D:5      | Found a staircase to the Ecumenical Temple.
  4210 | D:6      | Found an ornate altar of the Wu Jian Council.
  4396 | D:6      | Reached skill level 5 in Unarmed Combat
  4427 | D:6      | Found Fucep's Serpentskin Sales.
  4890 | D:7      | Found a basalt altar of Yredelemnul.
  4936 | D:7      | Reached skill level 5 in Fighting
  4936 | D:7      | Reached skill level 5 in Dodging
  4936 | D:7      | Reached skill level 5 in Shields
  4939 | D:7      | Reached XP level 9. HP: 50/88 MP: 8/8
  5059 | D:7      | Reached * piety under Hepliaklqana
  5294 | D:7      | Noticed Maggie
  5301 | D:7      | HP: 1/79 [Maggie/bolt of acid (32)]
  5303 | D:7      | Mangled by Maggie

Illustrated notes

Levels and vault maps discovered:
D:1:      saegor_arrival_simple_b, layout_rooms
D:2:      layout_loops_ring, chequers_ecumenical_altar_lobes
D:3:      layout_basic, lemuel_tele_altar
D:4:      layout_cave_pools, lemuel_doored_altar, uniq_grinder, uniq_sigmund
D:5:      layout_basic, nicolae_hepliaklqana_monster_ancestors,
          mainiacjoe_overflow_alcove_3, lemuel_temple_firewalk_a,
          nicolae_shop_firing_range
D:6:      layout_gridville, mainiacjoe_overflow_alcove_1, guppyfry_shop_venom
D:7:      layout_loops_cross, mainiacjoe_overflow_paths, trog_book, uniq_maggie

Skill      XL: |  1  2  3  4  5  6  7  8 |
---------------+-------------------------+-----
Throwing       | 1 2 3 4 |  4.7
Fighting       | 3 4 5 |  5.2
Dodging        | 3 4 5 |  5.2
Shields        | 3 4 5 |  5.2
Unarmed Combat | 3 4 5 |  5.8

Action                   |  1- 3 |  4- 6 |  7- 9 || total
-------------------------+-------+-------+-------++-------
Melee: Unarmed           |    98 |   103 |   244 ||   445
Throw: Dart              |       |     2 |       ||     2
  Use: Potion            |       |       |     1 ||     1
 Stab: Sleeping          |       |     1 |     2 ||     3
Armor: Robe              |    34 |    34 |    51 ||   119
Dodge: Dodged            |    38 |    53 |    94 ||   185
Block: Kite shield       |    32 |    52 |    79 ||   163

Table legend: (Time is in decaauts)
 A = Elapsed time spent in this place.
 B = Non-inter-level travel time spent in this place.
 C = Inter-level travel time spent in this place.
 D = Time resting spent in this place.
 E = Time spent auto-exploring this place.
 F = Levels seen in this place.
 G = Mean time per level.
                   A        B        C        D        E       F      G
               +--------+--------+--------+--------+--------+-----+--------+
         Total |   5331 |   5140 |    191 |    104 |   3833 |   7 |  761.6 |
       Dungeon |   5331 |   5140 |    191 |    104 |   3833 |   7 |  761.6 |
               +--------+--------+--------+--------+--------+-----+--------+

Top non-repeatable levels by time:
     D:3: 1235 daAuts
     D:2: 952 daAuts
     D:6: 861 daAuts
     D:5: 712 daAuts
     D:4: 692 daAuts
     D:1: 442 daAuts
     D:7: 433 daAuts
